 Dungeon Crawl Stone Soup version 0.17.0-9-g801d43b (webtiles) character file.

92 JudasIscariot the Skirmisher (level 4, -1/49 HPs)
             Began as an Ogre Abyssal Knight on Nov 9, 2015.
             Was a Believer of Lugonu.
             Slain by an ogre
             ... wielding a +0 giant spiked club
              (15 damage)
             ... on level 3 of the Dungeon.
             The game lasted 00:08:52 (2536 turns).

JudasIscariot the Skirmisher (Ogre Abyssal Knight)  Turns: 2536, Time: 00:08:52

Health: -1/49      AC:  2    Str: 18    XL:     4   Next: 60%
Magic:  15/15      EV: 10    Int: 11    God:    Lugonu [**....]
Gold:   200        SH:  0    Dex: 11    Spells: 0 memorised, 3 levels left

rFire  + . .     SeeInvis .     p - +0 flail
rCold  . . .     Clarity  .     i - +0 robe
rNeg   . . .     SustAt   .     (no shield)
rPois  .         Gourm    .     (helmet restricted)
rElec  .         Spirit   .     (no cloak)
rCorr  .         Warding  .     (gloves unavailable)
rMut   .         Stasis   .     (boots unavailable)
MR     .....                    (no amulet)
Stlth  +.........               v - ring of magical power
                                m - ring of protection from fire

@: not resistant to hostile enchantments, very unstealthy
A: unfitting armour, agile 1, deformed body, spit poison 1, tough skin 1
a: Spit Poison, Depart the Abyss, Bend Space, Renounce Religion


You were on level 3 of the Dungeon.
You worshipped Lugonu.
Lugonu was pleased with you.
You were not hungry.

You visited 1 branch of the dungeon, and saw 3 of its levels.
You visited the Abyss 1 time.

You collected 200 gold pieces.

Inventory:

Hand Weapons
 a - a +1 mace
 p - a +0 flail (weapon)
Armour
 i - a +0 robe (worn)
Jewellery
 m - a ring of protection from fire (left hand)
 t - an uncursed ring of teleportation
 v - a ring of magical power (right hand)
Scrolls
 d - a scroll of recharging {unknown}
 e - a scroll of fog {unknown}
 g - 2 scrolls of fear {unknown}
 j - a scroll of amnesia {unknown}
 k - 2 scrolls of enchant armour {unknown}
 o - a scroll of random uselessness {unknown}
 u - a scroll of immolation {unknown}
 w - 2 scrolls of teleportation {unknown}
Potions
 b - 2 potions of agility
 h - 3 potions of curing
 l - 2 potions of heal wounds
 n - a potion of flight
 r - a potion of resistance
Books
 q - a book of Callings

   Spells                             Type                      Level
   a - Summon Small Mammal            Summoning                    1
   b - Call Imp                       Summoning                    2
   c - Call Canine Familiar           Summoning                    3
   d - Summon Guardian Golem          Hexes/Summoning              3
   e - Summon Lightning Spire         Summoning/Air                4
   f - Summon Ice Beast               Ice/Summoning                4
Comestibles
 c - 3 bread rations
 f - 2 meat rations
 s - a chunk of flesh
 x - a beef jerky


   Skills:
 * Level 4.9 Fighting
 * Level 3.6 Maces & Flails
 * Level 2.8 Dodging
 + Level 0.6 Stealth
 * Level 2.8 Invocations


You had 3 spell levels left.
You didn't know any spells.

Dungeon Overview and Level Annotations

Branches:
Dungeon (3/15)

Altars:
Fedhas

Annotations:
D:2 exclusion: oklob plant


Innate Abilities, Weirdness & Mutations

You are too large for most types of armour.
You have tough skin (AC +1).
You are agile. (Dex +2)
Armour fits poorly on your strangely shaped body.
You can spit weak poison.


Message History

An ogre comes into view. It is wielding a giant spiked club.
The ogre shouts!
You hit the ogre.
The ogre is lightly wounded.
The ogre closely misses you.
A kobold comes into view. It is wielding a dagger of freezing.
The kobold shouts!
The ogre hits you with a giant spiked club!
The kobold moves out of view.
You hit the ogre.
The ogre is moderately wounded.
The ogre hits you with a giant spiked club!!
* * * LOW HITPOINT WARNING * * *
You sock the ogre!
The ogre is heavily wounded.
The ogre closely misses you.
You hit the ogre.
The ogre is severely wounded.
The ogre hits you with a giant spiked club!
You die...

################
#..............###
#.############)...
#########.## #####
###..........##############.
....(.......................
..........#..##############.
###.###...#..# ## .####
#.##....O@.# # . ..#
#.##....##.#
.##.####.##....##.#
.##.##.........##.#
#########
............(..##.#
#........
.......#.##....##.#
#.#######
.......#..........# #.#
...............######## #.#
.......###............# #.#


You could see an ogre.

Vanquished Creatures
  An orc wizard (D:3)
  2 worms (D:3)
  2 giant geckos
  8 orcs (D:3)
  3 bats (D:3)
  4 giant cockroaches
  5 hobgoblins
  3 giant newts
  5 goblins
  4 jackals (D:1)
  9 kobolds
  4 rats
50 creatures vanquished.

Notes
Turn   | Place    | Note
--------------------------------------------------------------
     0 | Abyss:1  | JudasIscariot the Ogre Abyssal Knight began the quest for the Orb.
     0 | Abyss:1  | Reached XP level 1. HP: 24/24 MP: 2/2
    34 | D:1      | Escaped the Abyss
   635 | D:1      | Reached XP level 2. HP: 32/32 MP: 3/3
  1210 | D:2      | Reached ** piety under Lugonu
  1278 | D:2      | Reached XP level 3. HP: 29/40 MP: 4/4
  1660 | D:2      | Found a blossoming altar of Fedhas.
  1676 | D:2      | Noticed an oklob plant
  1936 | D:3      | Reached XP level 4. HP: 25/49 MP: 5/5
  2219 | D:3      | Gained mutation: Armour fits poorly on your strangely shaped body. [potion of mutation]
  2219 | D:3      | Gained mutation: You can spit weak poison. [potion of mutation]
  2219 | D:3      | Gained mutation: You are agile. (Dex +2) [potion of mutation]
  2528 | D:3      | Noticed an ogre
  2536 | D:3      | Slain by an ogre

Action                   |  1- 3 |  4- 6 || total
-------------------------+-------+-------++-------
Melee: Mace              |    56 |       ||    56
       Flail             |    61 |    39 ||   100
  Use: Scroll            |     5 |     2 ||     7
       Potion            |       |     1 ||     1
 Stab: Sleeping          |       |     1 ||     1
  Eat: Chunk             |     3 |     2 ||     5
